 Dungeon Crawl Stone Soup version 0.30.1-11-g7821555f0a (webtiles) character file.

Game seed: 6659026757394013979

802 bnorton916 the Conjurer (level 7, -7/36 HPs)
             Began as a Deep Elf Conjurer on Dec 14, 2023.
             Mangled by an ogre
             ... wielding a +0 giant spiked club
              (23 damage)
             ... on level 4 of the Dungeon.
             The game lasted 00:06:08 (5382 turns).

bnorton916 the Conjurer (Deep Elf Conjurer)         Turns: 5382, Time: 00:06:09

Health: -7/36      AC:  5    Str:  4    XL:     7   Next: 59%
Magic:  12/18      EV: 12    Int: 25    God:
Gold:   117        SH:  0    Dex: 13    Spells: 4/18 levels left

rFire   . . .        (no weapon)
rCold   . . .        (no shield)
rNeg    . . .        a - +0 robe
rPois   .            (no helmet)
rElec   .            p - +2 cloak
rCorr   .            (no gloves)
SInv    .            (no boots)
Will    .....        (no amulet)
Stlth   ++           (no ring)
HPRegen 0.26/turn    (no ring)
MPRegen 0.16/turn

%: no passive effects
@: no status effects
A: no striking features
a: no special abilities


You were on level 4 of the Dungeon.
You visited 1 branch of the dungeon, and saw 4 of its levels.
You also visited: Sewer.

You collected 117 gold pieces.

Inventory:

Hand Weapons
 f - a +0 scythe
Armour
 a - a +0 robe (worn)
 p - a +2 cloak (worn)
 r - a +0 buckler
Jewellery
 i - a +6 ring of intelligence
 q - an amulet of magic regeneration
Wands
 s - a wand of charming (6)
Scrolls
 c - 2 scrolls of poison {unknown}
 e - a scroll of enchant weapon {unknown}
 g - a scroll of butterflies {unknown}
 h - a scroll of fear {unknown}
 k - a scroll of noise {unknown}
 n - a scroll of teleportation
 t - a scroll of immolation {unknown}
 u - 2 scrolls of vulnerability {unknown}
 w - a scroll of identify {unknown}
Potions
 b - 3 potions of magic
 d - 2 potions of mutation {unknown}
 j - 2 potions of invisibility {unknown}
 l - 4 potions of attraction {unknown}
 m - a potion of brilliance {unknown}
 o - 2 potions of might
 v - a potion of heal wounds {unknown}


   Skills:
 - Level 2.4 Dodging
 - Level 2.4 Stealth
 - Level 6.3 Spellcasting
 - Level 6.4 Conjurations
 + Level 3.6 Hexes
 + Level 2.9 Translocations
 + Level 2.7 Air Magic
 + Level 2.9 Poison Magic


You had 4 spell levels left.
You knew the following spells:

 Your Spells              Type           Power      Damage    Failure   Level
a - Magic Dart            Conj           100%       1d8       1%          1
b - Searing Ray           Conj           80%        2d7       1%          2
c - Fulminant Prism       Conj/Hex       16%        3d10      9%          4
d - Iskenderun's Mystic   Conj/Tloc      31%        2d8       11%         4
e - Mephitic Cloud        Conj/Pois/Air  28%        N/A       4%          3

Your spell library contained the following spells:

 Spells                   Type           Power      Damage    Failure   Level
 Dazzling Flash           Conj/Hex       66%        N/A       2%          3
 Poisonous Vapours        Pois/Air       44%        N/A       3%          2
 Cigotuvi's Dreadful Rot  Necr/Pois/Air  34%        N/A       4%          2
 Ensorcelled Hibernation  Hex/Ice        32%        N/A       5%          2
 Swiftness                Air            21%        N/A       7%          3
 Passwall                 Tmut/Erth      5%         N/A       11%         2
 Dispel Undead            Necr           7%         3d8       56%         4
 Freezing Cloud           Conj/Ice/Air   11%        6-21      50%         5
 Death Channel            Necr           3%         N/A       100%        6


Dungeon Overview and Level Annotations

Branches:
Dungeon (4/15)              Sewer (visited)
 Temple: D:4-7

Altars:
Fedhas

Shops:
D:1 (   D:2 [   D:3 !


Message History

Found a stone staircase leading down.
Found a stone staircase leading down.
You open the door.
There is an open door here.
An ogre comes into view. It is wielding a +0 giant spiked club.
An ogre is nearby!
An ogre is nearby!
An ogre is nearby!
Casting: Magic Dart (safe; 1% risk of failure)
Confirm with . or Enter, or press ? or * to list all spells.
Aiming: Magic Dart (safe; 1% risk of failure)
Press: ? - help, Shift-Dir - straight line, f - ogre
Aim: an ogre, wielding a +0 giant spiked club (asleep, 100% to hit)
The magic dart hits the ogre.
The ogre is lightly wounded.
Casting: Magic Dart (safe; 1% risk of failure)
Confirm with . or Enter, or press ? or * to list all spells.
Aiming: Magic Dart (safe; 1% risk of failure)
Press: ? - help, Shift-Dir - straight line, f/p - ogre
Aim: an ogre, wielding a +0 giant spiked club (lightly wounded, 100% to hit)
The magic dart hits the ogre but does no damage.
The ogre is lightly wounded.
Casting: Magic Dart (safe; 1% risk of failure)
Confirm with . or Enter, or press ? or * to list all spells.
Aiming: Searing Ray (safe; 1% risk of failure)
Press: ? - help, Shift-Dir - straight line, f/p - ogre
Aim: an ogre, wielding a +0 giant spiked club (lightly wounded, 91% to hit)
The searing ray hits the ogre.
The ogre is lightly wounded. (Press . to maintain the ray.) Unknown command.
The searing ray hits the ogre!
The ogre is heavily wounded.
The ogre hits you with a +0 giant spiked club!!
Ouch! That really hurt!
The searing ray hits the ogre!
The ogre is almost dead.
The ogre hits you with a +0 giant spiked club!!
Ouch! That really hurt!
You die...

........# #....#
#... ........#
+....# +...
........####....#
#...
>...............
#...
....####........
####
....#..#.>......
... +..#....##+#
o .. #..'....+
o.)##' #.@#....#
....o. #.O######
+#... .'... #...
...#.... #...
#....#..... +...
#... #...... #...
#.. #..##..#
..... #.. #..#
..# ...... ......


You could see an ogre.

Vanquished Creatures
  Grinder (D:4)
  Sigmund (D:2)
  Pargi (Sewer)
  An ogre (D:4)
  2 orc priests (D:4)
  Crazy Yiuf (D:2)
  An orc wizard (D:3)
  An adder (D:3)
  4 gnolls (D:3)
  2 river rats (D:3)
  5 worms
  2 dart slugs
  3 orcs
  10 ball pythons
  10 endoplasms
  4 giant cockroaches
  4 goblins
  2 hobgoblins
  4 jackals (D:2)
  5 kobolds
  6 quokkas
  3 bats
  8 frilled lizards
  6 rats
87 creatures vanquished.

Notes
Turn   | Place    | Note
-------+----------+-------------------------------------------
     0 | D:1      | bnorton916 the Deep Elf Conjurer began the quest for the
                  | Orb.
     0 | D:1      | Reached XP level 1. HP: 10/10 MP: 6/6
    15 | D:1      | Found Muhinnin's Antique Weapon Shoppe.
   259 | D:1      | Reached XP level 2. HP: 15/15 MP: 6/8
   262 | D:1      | Learned a level 2 spell: Searing Ray
  1070 | D:2      | Found Utouc's Antique Armour Emporium.
  1104 | D:2      | Reached skill level 5 in Conjurations
  1104 | D:2      | Reached XP level 3. HP: 19/19 MP: 8/10
  1515 | D:2      | Noticed Sigmund
  1542 | D:2      | Killed Sigmund
  1543 | D:2      | Reached skill level 5 in Spellcasting
  1543 | D:2      | Reached XP level 4. HP: 4/24 MP: 7/13
  1543 | D:2      | Reached XP level 5. HP: 5/28 MP: 8/15
  1655 | D:2      | Found a runed translucent door.
  1656 | D:2      | Noticed Crazy Yiuf
  2374 | D:2      | Killed Crazy Yiuf
  2674 | D:3      | Found a glowing drain.
  2678 | D:3      | Reached XP level 6. HP: 32/32 MP: 6/17
  2765 | Sewer    | Entered a sewer
  2771 | Sewer    | Learned a level 4 spell: Fulminant Prism
  2776 | Sewer    | Learned a level 4 spell: Iskenderun's Mystic Blast
  2780 | Sewer    | Learned a level 3 spell: Mephitic Cloud
  2821 | Sewer    | Noticed Pargi
  2822 | Sewer    | Killed Pargi
  2823 | Sewer    | Reached skill level 1 in Hexes
  2823 | Sewer    | Reached skill level 1 in Translocations
  2823 | Sewer    | Reached skill level 1 in Air Magic
  2823 | Sewer    | Reached skill level 1 in Poison Magic
  3138 | D:3      | Found Sauruw's Distillery.
  3443 | D:3      | Found a blossoming altar of Fedhas.
  4235 | D:4      | Noticed Grinder
  4417 | D:4      | Killed Grinder
  4418 | D:4      | Reached XP level 7. HP: 32/36 MP: 10/18
  5382 | D:4      | Mangled by an ogre

Illustrated notes

Levels and vault maps discovered:
D:1:      mrwooster_arrival_statue_2, layout_loops_ring, serial_shops, shop
D:2:      layout_basic, serial_shops, nicolae_shop_tiny_statue_garden,
          minmay_split_cup_small, uniq_crazy_yiuf_cottage, uniq_sigmund
D:3:      layout_loops_corners, fedhas_altar_3, serial_shops, shop,
          gup_sewer_entry_bubbles
D:4:      layout_gridville, mainiacjoe_overflow_paths, corexii_corridor_pit,
          uniq_grinder, uniq_blork_the_orc

Skill      XL: |  1  2  3  4  5  6  7 |
---------------+----------------------+-----
Spellcasting   | 4 5 6 |  6.3
Conjurations   | 5 6 |  6.4
Hexes          | 2 3 |  3.6
Translocations | 2 |  2.9
Air Magic      | 2 |  2.7
Poison Magic   | 2 |  2.9
Dodging        | |  2.4
Stealth        | |  2.4

Action                     |  1- 3 |  4- 6 |  7- 9 || total
---------------------------+-------+-------+-------++-------
   Cast: Magic Dart        |    57 |    56 |    16 ||   129
         Searing Ray       |     2 |    18 |     7 ||    27
         Mephitic Cloud    |       |     1 |       ||     1
    Use: Potion            |     3 |       |       ||     3
         Scroll            |       |     4 |       ||     4
 Armour: Robe              |     1 |     7 |     1 ||     9
  Dodge: Dodged            |     8 |     9 |     3 ||    20
